 Dungeon Crawl Stone Soup version 0.29-a0-474-gdfe5cd140f (webtiles) character file.

Game seed: 13023388252701771164

130 zeratav the Cutter (level 5, -2/42 HPs)
             Began as a Kobold Enchanter on May 24, 2022.
             Slain by a kobold brigand
             ... wielding a +0 dagger
              (3 damage)
             ... in a sewer.
             The game lasted 00:04:04 (3062 turns).

zeratav the Cutter (Kobold Enchanter)               Turns: 3062, Time: 00:04:04

Health: -2/42      AC: 22    Str:  5 (6)  XL:     5   Next: 36%
Magic:  8/8        EV:  3    Int: 13 (16) God:
Gold:   104        SH:  0    Dex: 16 (17) Spells: 8/8 levels left

rFire   . . .      SeeInvis .   n - +2 dagger (speed) {short}
rCold   . . .      Faith    .   (no shield)
rNeg    . . .      Spirit   .   (body armour currently unavailable)
rPois   +          Reflect  .   (helmet currently unavailable)
rElec   .          Harm     .   (cloak currently unavailable)
rCorr   .          Rampage  .   (gloves currently unavailable)
Will    .....      NoTele   +   (boots currently unavailable)
Stlth   ++++......              (no amulet)
HPRegen 0.14/turn               (no ring)
MPRegen 0.11/turn               (no ring)

@: mighty, lethally poisoned (-2 -> -18), tree-form, hasted, very quick
A: stationary, stasis, torment immunity, boosted hp, small, no large weapons,
nightstalker 3
a: no special abilities


You were in a sewer.
You were a tree.
You visited 1 branch of the dungeon, and saw 3 of its levels.
You also visited: Sewer.

You collected 104 gold pieces.


Innate Abilities, Weirdness & Mutations

You are a tree.
Your roots penetrate the ground, keeping you stationary.
You cannot be teleported.
You are immune to unholy pain and torment.
Your maximum health is greatly increased.
Your equipment is partially melded.
You are small and have problems with some larger weapons.
You are completely attuned to the shadows.


   Skills:
 + Level 4.3 Short Blades
 - Level 2.4 Dodging
 - Level 4.0 Stealth
 - Level 2.1 Spellcasting
 + Level 3.8 Hexes
 + Level 2.1 Ice Magic


You had 8 spell levels left.
You didn't know any spells.
Your spell library contained the following spells:

 Spells                   Type           Power      Damage    Failure   Level
 Ensorcelled Hibernation  Hex/Ice        18%        N/A       11%         2
 Confusing Touch          Hex            11%        N/A       16%         3
 Tukima's Dance           Hex            11%        N/A       16%         3
 Magic Dart               Conj           4%         1d3       26%         1
 Dazzling Flash           Conj/Hex       12%        N/A       34%         3
 Searing Ray              Conj           2%         2d4       36%         2
 Sublimation of Blood     Necr           1%         N/A       36%         2
 Fulminant Prism          Conj/Hex       3%         3d6       75%         4
 Petrify                  Tmut/Erth      1%         N/A       94%         4
 Irradiate                Conj/Tmut      0%         3d13      100%        5

Inventory:

Hand Weapons
 n - a +2 dagger of speed (weapon) {short}
   (You took it off a goblin on level 2 of the Dungeon)
 o - a +2 dagger of freezing {short}
   (You took it off a kobold on level 2 of the Dungeon)
Armour
 b - a +0 robe (melded)
 d - a +0 pair of gloves (melded)
   (You found it on level 1 of the Dungeon)
Scrolls
 f - 3 scrolls of identify {unknown}
 j - a scroll of teleportation {unknown}
 m - a scroll of silence {unknown}
 q - a scroll of poison {unknown}
Potions
 a - 3 potions of cancellation {unknown}
 c - 2 potions of invisibility
 k - a potion of flight {unknown}
 p - a potion of brilliance {unknown}

Dungeon Overview and Level Annotations

Branches:
Dungeon (3/15)              Sewer (1/1)

Altars:

########## ≈
P≈≈.≈≈≈#... ≈≈
≈≈≈≈≈....≈KK..∩ ≈..
....≈≈PP..≈≈♣K..!
...P.............#!..
.....P..........## ##
................#
..............###
..........#####
#..####.### #### ###


You could see a kobold brigand and 2 kobolds.


Message History

No target in view!
No target in view!
You open the large door.
A kobold brigand and a kobold come into view.
The kobold brigand is wielding a +0 dagger and quivering poisoned darts.
The kobold is wielding a +1 dagger of venom.
The kobold shouts!
The kobold brigand shouts!
A kobold comes into view. It is wielding a +0 dagger.
The kobold shouts!
Found an orange potion and a cyan potion.
Found a gate leading back out of this place.
You hit the kobold brigand. You hit the kobold brigand.
The kobold brigand barely misses you.
You hit the kobold brigand. You hit the kobold brigand.
The kobold brigand misses you. The kobold hits you but does no damage.
You hit the kobold brigand. You hit the kobold brigand.
The kobold brigand hits you with a +0 dagger!
HP[-8]
You take 8 damage, and now have 20/28 hp.
MASSIVE DAMAGE!! (PAUSE)
You closely miss the kobold brigand. You hit the kobold brigand.
The kobold brigand hits you with a +0 dagger.
* * * LOW HITPOINT WARNING * * *
HP[-6]
You take 6 damage, and now have 14/28 hp.
MASSIVE DAMAGE!! (PAUSE)
You hit the kobold brigand but do no damage.
The kobold hits you with a +1 dagger of venom.
* * * LOW HITPOINT WARNING * * *
You are poisoned.
HP[-2]
You take 2 damage, and now have 12/28 hp.
You hit the kobold brigand but do no damage.
* * * LOW HITPOINT WARNING * * *
You feel sick. The kobold misses you.
The kobold brigand hits you with a +0 dagger.
* * * LOW HITPOINT WARNING * * *
HP[-4]
You take 4 damage, and now have 8/28 hp.
You hit the kobold brigand.
* * * LOW HITPOINT WARNING * * *
You feel sick. The kobold barely misses you.
HP[-1]
You take 1 damage, and now have 7/28 hp.
You hit the kobold brigand but do no damage.
* * * LOW HITPOINT WARNING * * *
You feel sick. The kobold hits you with a +0 dagger.
* * * LOW HITPOINT WARNING * * *
The kobold brigand closely misses you.
HP[-3]
You take 3 damage, and now have 4/28 hp.
You hit the kobold brigand.
* * * LOW HITPOINT WARNING * * *
You feel sick.
The kobold splashes around in the water.
HP[-1]
You take 1 damage, and now have 3/28 hp.
It was a potion of degeneration.
There was something very wrong with that liquid.
You feel weakened.
You feel dopey.
You feel clumsy.
* * * LOW HITPOINT WARNING * * *
You feel sick. The kobold completely misses you.
The kobold brigand closely misses you. The kobold misses you.
HP[-1]
You take 1 damage, and now have 2/28 hp.
It was a potion of lignification.
You turn into a tree.
Your +0 pair of gloves melds into your body.
Your +0 robe melds into your body.
Your roots penetrate the ground.
* * * LOW HITPOINT WARNING * * *
You feel sick. The kobold hits you but does no damage.
The kobold brigand hits you with a +0 dagger.
* * * LOW HITPOINT WARNING * * *
The kobold hits you but does no damage.
HP[-1]
You now have 42 max hp (+14).
It was a potion of curing.
You feel better. The kobold hits you but does no damage.
The kobold brigand hits you but does no damage.
The kobold hits you but does no damage.
You are lethally poisoned!
HP[+6]
You regained 6 hp, and now have 7/42 hp.
It was a potion of haste.
You feel yourself speed up.
* * * LOW HITPOINT WARNING * * *
You feel very sick. The kobold hits you but does no damage.
The kobold brigand hits you but does no damage.
The kobold hits you but does no damage.
You are more poisoned.
HP[-3]
You take 3 damage, and now have 4/42 hp.
It was a potion of might.
You feel very mighty all of a sudden.
* * * LOW HITPOINT WARNING * * *
You feel very sick. The kobold hits you but does no damage.
The kobold brigand hits you with a +0 dagger.
You die...

Skill      XL: |  1  2  3  4  5 |
---------------+----------------+-----
Short Blades   | 2 3 4 |  4.3
Ice Magic      | 1 2 |  2.1
Dodging        | |  2.4
Stealth        | |  4.0
Spellcasting   | |  2.1
Hexes          | |  3.8

Action                   |  1- 3 |  4- 6 || total
-------------------------+-------+-------++-------
Melee: Dagger            |   104 |    80 ||   184
       Punch             |     1 |       ||     1
  Use: Potion            |       |     5 ||     5
 Stab: Sleeping          |    19 |     7 ||    26
       Distracted        |       |     1 ||     1
Armor: Robe              |    12 |     9 ||    21
       Skin              |       |     9 ||     9
Dodge: Dodged            |    49 |    55 ||   104

Levels and vault maps discovered:
D:1:      co_arrival_two_rings, layout_loops_corners,
          shapermc_ecumenical_altar_starsandcircs, serial_park_tiny_1
D:2:      layout_loops_cross
D:3:      layout_basic, grunt_temple_overflow_forces_of_nature,
          gup_sewer_entry_glass, uniq_sigmund, uniq_robin
Sewer:    kennysheep_pipe_town

Notes
Turn   | Place    | Note
-------+----------+-------------------------------------------
     0 | D:1      | zeratav the Kobold Enchanter began the quest for the Orb.
     0 | D:1      | Reached XP level 1. HP: 10/10 MP: 3/3
     0 | D:1      | magus.rc [v1.9.6]
   260 | D:1      | Reached skill level 2 in Short Blades
   357 | D:1      | Reached XP level 2. HP: 15/15 MP: 5/5
   541 | D:1      | Found a faded altar of an unknown god.
   554 | D:1      | Reached skill level 3 in Short Blades
   938 | D:1      | Reached XP level 3. HP: 14/19 MP: 6/6
  1331 | D:1      | Reached skill level 1 in Ice Magic
  2104 | D:2      | Reached XP level 4. HP: 24/24 MP: 7/7
  2213 | D:2      | You pick up a book of Conjurations {@e2} and begin
                  | reading...
  2213 | D:2      | You add the spells Magic Dart, Searing Ray and Fulminant
                  | Prism to your library.
  2316 | D:2      | You pick up a book of Alchemy and begin reading...
  2316 | D:2      | You add the spells Sublimation of Blood, Petrify and
                  | Irradiate to your library.
  2327 | D:2      | Reached skill level 4 in Short Blades
  2751 | D:3      | Found a glowing drain.
  2799 | D:3      | Reached XP level 5. HP: 24/28 MP: 8/8
  2811 | D:3      | Reached skill level 2 in Ice Magic
  2974 | Sewer    | Entered a sewer
  3044 | Sewer    | Noticed a kobold brigand
  3055 | Sewer    | HP: 7/28 [poisoned by a kobold]
  3057 | Sewer    | HP: 3/28 [poisoned by a kobold]
  3059 | Sewer    | HP: 1/42 [kobold brigand/+0 dagger (1)]
  3062 | Sewer    | Slain by a kobold brigand

Vanquished Creatures
  8 adders
  2 dart slugs
  7 endoplasms
  4 giant cockroaches
  5 hobgoblins
  9 kobolds
  A quokka (D:1)
  2 ball pythons (D:1)
  8 bats (D:1)
  2 frilled lizards
  5 goblins
  3 rats
56 creatures vanquished.

Vanquished Creatures (others)
  A fungus (D:3)
  A plant (D:3)
2 creatures vanquished.

Grand Total: 58 creatures vanquished

Table legend:
 A = Non-vault XP
 B = Vault XP
 C = Vault XP percentage of total XP
 D = Non-vault monster count
 E = Vault monster count
 F = Vault count percentage of total count
                 A         B        C        D         E       F
            +---------+---------+-------+---------+---------+-------
      Total |     130 |      57 |  30.5 |      50 |       6 |  10.7
            +---------+---------+-------+---------+---------+-------
        D:1 |      53 |       0 |   0.0 |      32 |       0 |   0.0
        D:2 |      72 |       0 |   0.0 |      15 |       0 |   0.0
        D:3 |       5 |      56 |  91.8 |       3 |       5 |  62.5
      Sewer |       0 |       1 | 100.0 |       0 |       1 | 100.0
            +---------+---------+-------+---------+---------+-------

Illustrated notes

Table legend:
 A = Kills in this place as a percentage of kills in entire the game.
 B = Kills by you in this place as a percentage of kills by you in the entire game.
 C = Kills by friends in this place as a percentage of kills by friends in the entire game.
 D = Other kills in this place as a percentage of other kills in the entire game.
 E = Experience gained in this place as a percentage of experience gained in the entire game.
 F = Experience gained in this place divided by the number of levels of this place that you have seen.
                   A       B       C       D       E      F
               +-------+-------+-------+-------+-------+----------------------
         Total | 100.0 | 100.0 |   N/A |   N/A | 100.0 |  46.8
       Dungeon |  98.2 |  98.2 |   N/A |   N/A |  99.5 |  62.0
         Sewer |   1.8 |   1.8 |   N/A |   N/A |   0.5 |   1.0
               +-------+-------+-------+-------+-------+----------------------

Table legend: (Time is in decaauts)
 A = Elapsed time spent in this place.
 B = Non-inter-level travel time spent in this place.
 C = Inter-level travel time spent in this place.
 D = Time resting spent in this place.
 E = Time spent auto-exploring this place.
 F = Levels seen in this place.
 G = Mean time per level.
                   A        B        C        D        E       F      G
               +--------+--------+--------+--------+--------+-----+--------+
         Total |   3019 |   2988 |     31 |    634 |   1950 |   4 |  754.8 |
       Dungeon |   2931 |   2900 |     31 |    634 |   1881 |   3 |  977.0 |
         Sewer |     87 |     87 |      0 |      0 |     69 |   1 |   87.0 |
               +--------+--------+--------+--------+--------+-----+--------+

Top non-repeatable levels by time:
     D:1: 1695 daAuts
     D:2: 951 daAuts
     D:3: 284 daAuts
   Sewer: 87 daAuts
